[Event "Championnat du monde jeunes U12F"]
[Date "2024.11.18"]
[White "Pratitee Bordoloi"]
[Black "Oksanen, Maria"]
[WhiteElo "1929"]
[BlackElo "1725"]
[Round "4.9"]
[Result "1-0"]
[TimeControl "5400+30"]

1. e4 c5 2. Nf3 d6 3. d4 cxd4 4. Nxd4 Nf6 5. Nc3 g6 6. Be3 Bg7 7. f3 Nc6 8. Qd2 O-O 9. O-O-O d5 10. Qe1 e5 11. Nxc6 bxc6 12. exd5 Nxd5 13. Bc4 Be6 14. Kb1 Nxc3+ 15. Qxc3 Qc8 16. Bc5 Re8 17. Bxe6 Rxe6 18. Qe3 Qb7 19. b3 h6 20. g4 Qc7 21. Rd2 e4 22. f4 Rf6 23. g5 Rf5 24. Bd6 Qa5 25. gxh6 Bc3 26. Rdd1 Re8 27. Rhg1 c5 28. Bc7 Bd4 29. Rxd4 Qxc7 30. Qc3 f6 31. Rxg6+ Kh8 32. Rd5 Qxf4 33. Rxf5 Qxf5 34. Rxf6 Qe5 35. Qxe5 Rxe5 36. Kc1 e3 37. Kd1 Rd5+ 38. Ke2 Rd2+ 39. Kxe3 Rxc2 40. Ra6 c4 41. b4 Rxh2 42. Kd4 Rc2 43. Rxa7 c3 44. Kd3 Rc1 45. a4 c2 46. b5 Kg8 47. Kd2 1-0

[Variant "Standard"]
[Site "Europe Echecs"]

[Event "Championnat du monde jeunes U12F"]
[Date "2024.11.18"]
[White "Ivaschenko, Anna"]
[Black "Venskaya, Nika"]
[WhiteElo "1732"]
[BlackElo "1871"]
[Round "4.10"]
[Result "0-1"]
[TimeControl "5400+30"]

1. d4 Nf6 2. Nf3 g6 3. c4 Bg7 4. g3 O-O 5. Bg2 d6 6. O-O Nc6 7. d5 Na5 8. Nfd2 c5 9. a3 b6 10. b4 Nb7 11. Bb2 Rb8 12. b5 e6 13. Nc3 Re8 14. e4 exd5 15. cxd5 Na5 16. Re1 Bd7 17. h3 Nh5 18. Rb1 Qc8 19. Kh2 Bd4 20. Qf3 Ng7 21. Ne2 Bxb2 22. Rxb2 Qd8 23. Nc3 h5 24. Qf4 Qe7 25. Nf3 f6 26. Qh6 g5 27. e5 dxe5 28. d6 Qf7 29. Ne4 Re6 30. Nfxg5 fxg5 31. Qxg5 Rg6 32. Qxe5 Nc4 0-1

[Variant "Standard"]
[Site "Europe Echecs"]

[Event "Championnat du monde jeunes U12F"]
[Date "2024.11.18"]
[White "Li, Peishan"]
[Black "Tong Thai Hoang An"]
[WhiteElo "1729"]
[BlackElo "1869"]
[Round "4.11"]
[Result "1/2-1/2"]
[TimeControl "5400+30"]

1. e4 c6 2. d4 d5 3. Nd2 dxe4 4. Nxe4 Bf5 5. Ng3 Bg6 6. Nf3 Nd7 7. h4 h6 8. h5 Bh7 9. Bd3 Bxd3 10. Qxd3 e6 11. Bd2 Ngf6 12. O-O-O Be7 13. Ne4 Nxe4 14. Qxe4 Nf6 15. Qe2 Qd5 16. c4 Qe4 17. Qxe4 Nxe4 18. Be3 f5 19. Nd2 Nf6 20. Nf3 Ng4 21. Ne5 Nxe3 22. fxe3 Bg5 23. Kd2 f4 24. exf4 Bxf4+ 25. Ke2 Bxe5 26. dxe5 Rd8 27. Rxd8+ Kxd8 28. b3 Ke7 29. Rh3 Rd8 30. Rd3 1/2-1/2

[Variant "Standard"]
[Site "Europe Echecs"]

[Event "Championnat du monde jeunes U12F"]
[Date "2024.11.18"]
[White "Xia, Miaoyan"]
[Black "Ahmed Mohamed, Zakaa"]
[WhiteElo "1711"]
[BlackElo "1866"]
[Round "4.12"]
[Result "1-0"]
[TimeControl "5400+30"]

1. e4 e5 2. Nf3 d6 3. d4 Nd7 4. Bc4 c6 5. O-O Be7 6. dxe5 dxe5 7. Ng5 Nh6 8. Ne6 fxe6 9. Bxh6 O-O 10. Qg4 Bf6 11. Bxe6+ Kh8 12. Rd1 Qb6 13. b3 gxh6 14. Bxd7 Bg5 15. Bf5 Bxf5 16. exf5 Rad8 17. Nc3 Qc5 18. Ne4 Qxc2 19. h4 Bxh4 20. f6 Rxd1+ 21. Rxd1 Bg5 22. Qd7 Bxf6 23. Nxf6 Rxf6 24. Qe8+ Kg7 25. Rd7+ Rf7 26. Qxf7+ Kh8 27. Rd8# 1-0

[Variant "Standard"]
[Site "Europe Echecs"]

[Event "Championnat du monde jeunes U12F"]
[Date "2024.11.18"]
[White "Gailevska, Milana"]
[Black "Tran Le Vy"]
[WhiteElo "1698"]
[BlackElo "1854"]
[Round "4.13"]
[Result "0-1"]
[TimeControl "5400+30"]

1. d4 d5 2. Bf4 c5 3. e3 Nc6 4. c3 cxd4 5. exd4 Nf6 6. Nd2 g6 7. h3 Bg7 8. Ngf3 O-O 9. Be2 b6 10. O-O Bb7 11. Re1 Ne4 12. Bd3 f5 13. Ng5 Qd7 14. f3 h6 15. fxe4 fxe4 16. Ngxe4 dxe4 17. Bc4+ Kh7 18. Bg3 Nxd4 19. Nxe4 Qc6 20. cxd4 Qxc4 21. Kh1 Rad8 22. Rc1 Qb4 23. Qe2 Rxd4 24. Nc3 Rd7 25. Qe6 Rd2 26. Qxe7 Bxg2+ 27. Kg1 Qd4+ 28. Re3 Rf3 29. Re1 Rxg3 30. Kh2 Bc6+ 31. R3e2 Rg2+ 32. Rxg2 Rxg2+ 33. Kh1 Rg1+ 34.
Kh2 Qf2# 0-1

[Variant "Standard"]
[Site "Europe Echecs"]

[Event "Championnat du monde jeunes U12F"]
[Date "2024.11.18"]
[White "Xue, Tianhao"]
[Black "Bohatyrova, Mariia"]
[WhiteElo "1835"]
[BlackElo "1722"]
[Round "4.14"]
[Result "1-0"]
[TimeControl "5400+30"]

1. e4 c5 2. Nf3 d6 3. d4 cxd4 4. Nxd4 Nf6 5. Nc3 g6 6. Be3 Nc6 7. f3 h5 8. Qd2 Nxd4 9. Bxd4 Bh6 10. Be3 Bxe3 11. Qxe3 Be6 12. Bb5+ Kf8 13. h3 Qa5 14. O-O Rc8 15. Bd3 Qc5 16. Qxc5 Rxc5 17. f4 Kg7 18. Rae1 Rhc8 19. Kf2 a6 20. a4 Bd7 21. Ke3 h4 22. Ra1 g5 23. f5 Re5 24. Kd4 Rec5 25. Rf3 Nh5 26. Nd5 Kf8 27. b4 Rxd5+ 28. exd5 Nf4 29. c3 f6 30. Rf2 Kf7 31. c4 b6 32. Be4 Nh5 33. a5 b5 34. c5 Ng3 35. c6 Be8 36. Ra3 Nxe4 37. Kxe4 Rc7 38. g3 hxg3 39. Rxg3 Bxc6 40. dxc6 Rxc6 41. Kd3 Rc4 42. Rg4 d5 43. Rxc4 dxc4+ 44. Kc3 e6 45. fxe6+ Kxe6 46. Kd4 f5 47. Re2+ Kf6 48. Re8 g4 49. hxg4 fxg4 50. Ke4 Kg5 51. Rg8+ Kf6 52. Rxg4 Ke6 53. Rg6+ Kd7 54. Rxa6 Kc7 55. Rb6 Kc8 56. Rxb5 Kc7 57. Rc5+ Kb7 58. Rxc4 Ka7 59. b5 Kb7 60. a6+ Ka7 61. Rc7+ Ka8 62. b6 Kb8 63. Rh7 1-0

[Variant "Standard"]
[Site "Europe Echecs"]

[Event "Championnat du monde jeunes U12F"]
[Date "2024.11.18"]
[White "Xu, Luna Yuexiu"]
[Black "Tursunalieva, Nurelina"]
[WhiteElo "1821"]
[BlackElo "1701"]
[Round "4.15"]
[Result "1-0"]
[TimeControl "5400+30"]

1. e4 c5 2. Nf3 d6 3. d4 cxd4 4. Nxd4 Nf6 5. Nc3 g6 6. Be3 Bg7 7. f3 a6 8. Bc4 Qc7 9. Bb3 Nbd7 10. Qd2 Nc5 11. O-O-O b5 12. Bh6 O-O 13. g4 b4 14. Nce2 a5 15. Bd5 Bb7 16. Bxb7 Qxb7 17. h4 Rfc8 18. Bxg7 Kxg7 19. h5 b3 20. Nxb3 Nxb3+ 21. axb3 a4 22. b4 a3 23. b3 Rab8 24. hxg6 fxg6 25. Qh6+ Kg8 26. g5 Nh5 27. Rxh5 gxh5 28. g6 e6 29. gxh7+ Kh8 30. Nf4 Qxh7 31. Ng6+ Kg8 32. Qg5 Qg7 33. Ne7+ Kh7 34. Qxh5+ Qh6+ 35. Qxh6+ Kxh6 36. Nxc8 Rxc8 37. Rxd6 Rc3 38. Rxe6+ Kg5 39. Ra6 Rxf3 40. Rxa3 Kf4 41. Ra8 Kxe4 42. Kd2 Kd5 43. Rc8 Rf2+ 44. Ke3 Rh2 45. b5 Rh4 46. c4+ Kd6 47. b4 Rh3+ 48. Kd4 Rh4+ 49. Kc3 Rh3+ 50. Kb2 Rh2+ 51. Kb3 Rh3+ 52. Ka4 Kd7 53. Rc6 Rh1 54. Ka5 Ra1+ 55. Kb6 Rb1 56. c5 Rxb4 57. Rc7+ Kd8 58. Kc6 Rxb5 59. Rd7+ Ke8 60. Kxb5 Kxd7 61. Kb6 Kc8 62. Kc6 1-0

[Variant "Standard"]
[Site "Europe Echecs"]

[Event "Championnat du monde jeunes U12F"]
[Date "2024.11.18"]
[White "Abylaykyzy, Bibisara"]
[Black "Abak, Tuana"]
[WhiteElo "1694"]
[BlackElo "1806"]
[Round "4.16"]
[Result "0-1"]
[TimeControl "5400+30"]

1. d4 Nf6 2. Bf4 d5 3. e3 c5 4. c3 Nc6 5. Nd2 Qb6 6. Qb3 c4 7. Qc2 g6 8. f3 Be6 9. e4 Qd8 10. Ne2 b5 11. Be3 Bg7 12. Nf4 Qd7 13. a4 b4 14. exd5 Nxd5 15. Nxd5 Bxd5 16. Nxc4 Qe6 17. Ne5 Nxe5 18. dxe5 O-O 19. Be2 Bb3 20. Qe4 bxc3 21. bxc3 Bd5 22. Qh4 Bxe5 23. Bd4 Bxd4 24. Qxd4 Rfd8 25. Qf2 Bc4 26. Rc1 Rab8 27. O-O Qxe2 28. Qc5 Rd2 29. Rf2 Rd1+ 30. Rxd1 Qxd1+ 31. Rf1 Qxf1# 0-1

[Variant "Standard"]
[Site "Europe Echecs"]

[Event "Championnat du monde jeunes U12F"]
[Date "2024.11.18"]
[White "Illes-Nagy, Nora"]
[Black "Telyuk, Anastasiya"]
[WhiteElo "1803"]
[BlackElo "1603"]
[Round "4.17"]
[Result "1/2-1/2"]
[TimeControl "5400+30"]

1. d4 Nf6 2. c4 e5 3. dxe5 Ng4 4. Bf4 Nc6 5. Nf3 Bb4+ 6. Nbd2 Qe7 7. e3 Ngxe5 8. Nxe5 Nxe5 9. Be2 O-O 10. O-O Ng6 11. Bg3 f5 12. a3 Bd6 13. Bxd6 Qxd6 14. Nb3 Qxd1 15. Raxd1 d6 16. Nd4 Bd7 17. Bf3 Rab8 18. Bd5+ Kh8 19. g3 Ne5 20. b3 Rf6 21. Ne2 a6 22. Nd4 h6 23. f4 Nc6 24. Rfe1 Re8 25. Kf2 Re7 26. Bf3 Rf8 27. Re2 Rfe8 28. Rde1 Nxd4 29. exd4 Rxe2+ 30. Rxe2 Rxe2+ 31. Kxe2 b6 32. Kd3 c5 33. Bb7 a5 34. dxc5 dxc5 35. Bd5 g6 36. Kc3 Kg7 37. b4 g5 38. bxa5 bxa5 39. Kd3 Kf6 1/2-1/2

[Variant "Standard"]
[Site "Europe Echecs"]

[Event "Championnat du monde jeunes U12F"]
[Date "2024.11.18"]
[White "Bogomolnikova, Zlata"]
[Black "Rzadkowska, Kaja"]
[WhiteElo "1628"]
[BlackElo "1798"]
[Round "4.18"]
[Result "0-1"]
[TimeControl "5400+30"]

1. d4 Nf6 2. c4 e6 3. Nc3 Bb4 4. Qc2 d6 5. a3 Bxc3+ 6. Qxc3 b6 7. Bg5 Bb7 8. e3 Nbd7 9. f3 d5 10. Bd3 h6 11. Bh4 O-O 12. Ne2 c5 13. Qc2 Rc8 14. Qa4 dxc4 15. Bxc4 Bc6 16. Bb5 Bxb5 17. Qxb5 cxd4 18. Nxd4 Rc5 19. Qb3 Rh5 20. Bg3 Nc5 21. Qc2 Nd5 22. Qe2 Qg5 23. f4 Qxg3+ 24. hxg3 Rxh1+ 25. Kf2 Rxa1 26. e4 Nf6 27. e5 Nd5 28. f5 Rb1 29. Kf3 Nd7 30. g4 Re8 31. Qb5 Nxe5+ 32. Kg3 Re7 33. fxe6 fxe6 34. Nxe6 Rxe6 35. Qxd5 Kf7 36. Qb7+ Kf6 37. Qc8 Rxb2 38. Qd8+ Kf7 39. Qc7+ Re7 40. Qc8 Rb3+ 41. Kh2 g6 42. Qc1 Kg7 43. Qa1 Kh7 44. Qd4 Rd3 45. Qf4 a5 46. Kg1 Rxa3 47. Qd4 Rd3 48. Qxb6 Nxg4 49. g3 Rxg3+ 50. Kf1 Ne3+ 51. Kf2 Rg2+ 52.
Kf3 Rg5 53. Qd6 Nf5 54. Qd8 a4 55. Kf4 Rg1 56. Kf3 Rb1 57. Qa8 Rb3+ 58. Kf4 Rb4+ 59. Kf3 Re3+ 60. Kg2 Rb2+ 0-1

[Variant "Standard"]
[Site "Europe Echecs"]

[Event "Championnat du monde jeunes U12F"]
[Date "2024.11.18"]
[White "Anu, Bayart-Uchral"]
[Black "Jacome Revelo, Daniela Alexandra"]
[WhiteElo "1624"]
[BlackElo "1764"]
[Round "4.19"]
[Result "1-0"]
[TimeControl "5400+30"]

1. d4 Nf6 2. c4 e5 3. dxe5 Ng4 4. e4 Nxe5 5. f4 Nec6 6. a3 a5 7. Be3 Be7 8. Nc3 O-O 9. Nf3 d6 10. Bd3 Nd7 11. O-O Nc5 12. Bc2 Bf6 13. Qd2 Bxc3 14. Qxc3 Qe7 15. Nd2 f5 16. exf5 Bxf5 17. Bxf5 Rxf5 18. Rae1 Qf7 19. g4 Rf6 20. f5 Qd7 21. Bxc5 dxc5 22. Ne4 Rh6 23. Qg3 Qd4+ 24. Kh1 g5 25. Nxg5 Qxb2 26. Ne6 Nd4 27. Qe5 Rxe6 28. fxe6 Re8 29. Qg5+ Kh8 30. Qf6+ Kg8 31. Qf7+ 1-0

[Variant "Standard"]
[Site "Europe Echecs"]

[Event "Championnat du monde jeunes U12F"]
[Date "2024.11.18"]
[White "Stepankova, Linda"]
[Black "Aadya Ranganath"]
[WhiteElo "1624"]
[BlackElo "1753"]
[Round "4.20"]
[Result "0-1"]
[TimeControl "5400+30"]

1. e4 e5 2. Nf3 Nc6 3. Bc4 Bc5 4. b4 Bxb4 5. c3 Be7 6. d4 Na5 7. Nxe5 Nxc4 8. Nxc4 d5 9. exd5 Qxd5 10. Ne3 Qa5 11. O-O Nf6 12. Re1 O-O 13. c4 Bb4 14. Bd2 Rd8 15. Bxb4 Qxb4 16. Re2 Be6 17. d5 c6 18. Nd2 cxd5 19. Rb1 Qd6 20. cxd5 Nxd5 21. Nxd5 Qxd5 22. Rb2 Bg4 23. f3 Qd4+ 24. Kf1 Qxb2 25. fxg4 Rac8 26. Qa4 Qc1+ 0-1

[Variant "Standard"]
[Site "Europe Echecs"]

[Event "Championnat du monde jeunes U12F"]
[Date "2024.11.18"]
[White "Zavivaeva, Angelina"]
[Black "Sabou, Stefania Theodora"]
[WhiteElo "1499"]
[BlackElo "1736"]
[Round "4.21"]
[Result "1/2-1/2"]
[TimeControl "5400+30"]

1. e4 c5 2. Nf3 Nc6 3. d4 cxd4 4. Nxd4 g6 5. Nc3 Bg7 6. Be3 Nf6 7. Bc4 O-O 8. Bb3 d6 9. f3 Bd7 10. Qd2 a6 11. O-O-O Na5 12. Kb1 b5 13. g4 Rb8 14. h4 Nxb3 15. cxb3 h5 16. gxh5 Nxh5 17. Rdg1 e5 18. Nde2 Qf6 19. Rf1 Bc6 20. Bg5 Qe6 21. Rd1 b4 22. Nd5 Bxd5 23. Qxd5 Qxd5 24. Rxd5 f6 25. Be3 Rfd8 26. Rhd1 Bf8 27. Ra5 Ra8 28. Bb6 Rdc8 29. Rc1 Bh6 30. Rc4 Rxc4 31. bxc4 Kf7 32. Rd5 Ke6 33. b3 Bf8 34. Kc2 f5 35. Kd3 Be7 36. Bf2 a5 37. Rb5 Bd8 38. Bb6 Bxb6 39. Rxb6 Kd7 40. Rb7+ Ke6 41. Rb5 Ra7 42. Ke3 f4+ 43. Kf2 Nf6 44. Kg2 1/2-1/2

[Variant "Standard"]
[Site "Europe Echecs"]

[Event "Championnat du monde jeunes U12F"]
[Date "2024.11.18"]
[White "Alcantara, Levanah"]
[Black "Hanya Shah"]
[WhiteElo "1753"]
[BlackElo "1888"]
[Round "4.22"]
[Result "0-1"]
[TimeControl "5400+30"]

1. d4 Nf6 2. Bg5 e6 3. e4 h6 4. Bxf6 Qxf6 5. Nf3 d5 6. e5 Qd8 7. Bd3 c5 8. c3 Qb6 9. Qd2 c4 10. Be2 Be7 11. O-O O-O 12. Kh1 Nd7 13. g4 f6 14. exf6 Nxf6 15. Ne5 Ne4 16. Qc2 Rxf2 17. Rxf2 Nxf2+ 18. Kg2 Bd6 19. Ng6 Ne4 20. Nd2 Bd7 21. Rf1 Be8 22. Nf4 Bxf4 23. Rxf4 Bg6 24. Qc1 e5 25. Rf1 exd4 26. Nxe4 Bxe4+ 27. Bf3 d3 28.
Qd2 Re8 29. Re1 Qe6 30. Kf1 Rf8 31. Qe3 Qxg4 0-1

[Variant "Standard"]
[Site "Europe Echecs"]

[Event "Championnat du monde jeunes U12F"]
[Date "2024.11.18"]
[White "Siskou, Evangelia"]
[Black "Wang, Tianmu"]
[WhiteElo "1884"]
[BlackElo "1640"]
[Round "4.23"]
[Result "1/2-1/2"]
[TimeControl "5400+30"]

1. c4 e5 2. g3 Nf6 3. Bg2 Bc5 4. Nc3 Nc6 5. a3 a5 6. e3 O-O 7. Nge2 Re8 8. O-O d6 9. d4 exd4 10. exd4 Ba7 11. h3 Bf5 12. g4 Bg6 13. Kh1 Ne4 14. Nxe4 Bxe4 15. f3 Bg6 16. b3 d5 17. Bb2 Re3 18. Nf4 dxc4 19. Nxg6 hxg6 20. d5 Ne5 21. Bxe5 Rxe5 22. f4 Re3 23. bxc4 Qh4 24. Rf3 Rae8 25. Rxe3 Rxe3 26. Qd2 Qg3 27. Rf1 Rxa3 28. d6 cxd6 29. Qxd6 Ra2 30. Qd5 Be3 31. Qe4 Rf2 32. Rxf2 Qxf2 33. Kh2 Bxf4+ 34. Kh1 Qg3 35. Kg1 Qe3+ 36. Qxe3 Bxe3+ 37. Kf1 b6 38. Bc6 Kf8 39. Ke2 Bc5 40. Kf3 f5 41. Kf4 fxg4 42. hxg4 Ke7 43. Kg5 Kd6 44. Bb5 Bd4 45. Kf4 Kc5 46. Ke4 Ba1 47. Kd3 Kb4 48. Kc2 a4 49. Kb1 Be5 50. Ka2 a3 51. Ba6 Bd6 52. Bb5 Kc3 53. Ba6 Kd4 54. Bb5 Ke4 55. Bd7 Kf4 56. Bc8 Ke3 57. Bd7 Kd4 58. Bb5 Kc5 59. Kb3 Kd4 60. Ka2 Kc3 61. Ba6 Kb4 62. Bb5 1/2-1/2

[Variant "Standard"]
[Site "Europe Echecs"]

[Event "Championnat du monde jeunes U12F"]
[Date "2024.11.18"]
[White "Pavithra R V"]
[Black "Potikha, Shelley"]
[WhiteElo "1854"]
[BlackElo "1561"]
[Round "4.24"]
[Result "1-0"]
[TimeControl "5400+30"]

1. e4 e6 2. d4 d5 3. e5 c5 4. c3 Nc6 5. Nf3 Bd7 6. a3 Qb6 7. Be2 Rc8 8. O-O cxd4 9. cxd4 Nge7 10. b4 Nf5 11. Bb2 Be7 12. h3 O-O 13. Bd3 Kh8 14. Bxf5 exf5 15. Nc3 Be6 16. Na4 Qb5 17. Nc5 b6 18. Nd3 Qa6 19. Nf4 Qb7 20. h4 Qd7 21. Ng5 h6 22. Ngxe6 fxe6 23. Ng6+ Kg8 24. Nxf8 Rxf8 25. h5 f4 26. Qf3 b5 27. Rac1 a5 28. Qc3 Na7 29. Qc7 Qxc7 30. Rxc7 Nc8 31. Rfc1 1-0

[Variant "Standard"]
[Site "Europe Echecs"]

[Event "Championnat du monde jeunes U12F"]
[Date "2024.11.18"]
[White "Chichinadze, Anastasia"]
[Black "Sunea, Sara Maria"]
[WhiteElo "1682"]
[BlackElo "1823"]
[Round "4.25"]
[Result "1-0"]
[TimeControl "5400+30"]

1. e4 c5 2. Nf3 Nc6 3. Nc3 e5 4. g3 d6 5. Bg2 g6 6. d3 Bg7 7. Be3 Nge7 8. Qd2 Nd4 9. O-O O-O 10. Ne2 Nxe2+ 11. Qxe2 h6 12. c3 f5 13. Qd2 Kh7 14. Ne1 Nc6 15. f4 Qe7 16. Nf3 Be6 17. fxe5 dxe5 18. exf5 gxf5 19. Nh4 Rac8 20. Nxf5 Bxf5 21. Rxf5 Rxf5 22. Be4 Qd7 23. g4 Ne7 24. gxf5 Kh8 25. Rf1 Ng8 26. f6 Bxf6 27. Bxh6 Qg4+ 28. Qg2 Nxh6 29. Rxf6 Qd1+ 30. Qf1 Rg8+ 31.
Kh1 Qxf1+ 32. Rxf1 Rg5 33. Bxb7 Kg7 34. Bc8 Ng4 35. Bxg4 Rxg4 36. Rg1 Rxg1+ 37. Kxg1 a5 38. Kf2 Kf6 39. Kf3 Kf5 40. h4 1-0

[Variant "Standard"]
[Site "Europe Echecs"]

[Event "Championnat du monde jeunes U12F"]
[Date "2024.11.18"]
[White "Busuioc, Amelie"]
[Black "Jordan, Christina"]
[WhiteElo "1581"]
[BlackElo "1803"]
[Round "4.26"]
[Result "0-1"]
[TimeControl "5400+30"]

1. e4 c5 2. Nf3 d6 3. d4 cxd4 4. Nxd4 Nf6 5. Nc3 a6 6. Bc4 b5 7. Bb3 Bb7 8. f3 g6 9. a3 Bg7 10. Be3 Nbd7 11. Qd2 Nc5 12. h4 h5 13. Ba2 Rc8 14. O-O-O Nfd7 15. g4 hxg4 16. fxg4 Nxe4 17. Nxe4 Bxe4 18. Rh3 Bxd4 19.
c3 Bxe3 20. Qxe3 d5 21. Bb1 Nc5 22. Bc2 a5 23. h5 gxh5 24. Rxh5 Rxh5 25. gxh5 e6 26. Bxe4 Nxe4 27. Rh1 Qg5 28. Qxg5 Nxg5 29. h6 Ke7 30. h7 Rh8 0-1

[Variant "Standard"]
[Site "Europe Echecs"]

[Event "Championnat du monde jeunes U12F"]
[Date "2024.11.18"]
[White "Saharkar, Sharvari"]
[Black "Lukin, Yesenia"]
[WhiteElo "1581"]
[BlackElo "1732"]
[Round "4.27"]
[Result "0-1"]
[TimeControl "5400+30"]

1. e4 c6 2. d4 d5 3. Nc3 dxe4 4. Nxe4 Nf6 5. Nxf6+ exf6 6. Nf3 Bg4 7. c3 Bd6 8. Be2 O-O 9. O-O Qc7 10. h3 Bh5 11. Be3 Re8 12. Qc2 Nd7 13. Rfe1 Re7 14. Nd2 Bg6 15. Bd3 Bxd3 16. Qxd3 Rae8 17. Re2 Qa5 18. a4 c5 19. dxc5 Bxc5 20. b4 Ne5 21. Qd5 Bxb4 22. Qb3 Bxc3 23. Rc1 Qa6 24. Rce1 Bxd2 25. Rxd2 Nc4 26. Rd4 Nxe3 27. Rxe3 g6 28. Rxe7 Rxe7 29. Rd8+ Kg7 30. Qb4 Qe6 31. Kh2 Qe5+ 32. f4 Qe4 33. Rd4 Qe1 34. Qb2 Qe3 35. Qb4 b6 36. Rd1 Re4 37. Qb2 Qxf4+ 38. Kg1 Qe5 39. Qf2 Qc5 40. Qxc5 bxc5 41. Rc1 Rxa4 42. Rxc5 f5 43. Rc8 a5 44. Ra8 g5 45. Kf2 Ra2+ 46. Kf3 g4+ 47. Kg3 Ra3+ 48. Kf2 gxh3 49. gxh3 a4 50. Ra5 f4 51. h4 h6 52. Ra6 h5 53. Ke2 Re3+ 54. Kf2 a3 55. Ra4 Rh3 56. Rxf4 a2 57. Ra4 Rxh4 58. Rxa2 Rh2+ 59. Kg3 Rxa2 60.
Kh4 Kg6 61. Kh3 Ra3+ 62. Kh4 Ra4+ 63.
Kh3 f5 64. Kg3 Kg5 65. Kh3 Ra3+ 66.
Kh2 h4 67. Kg2 h3+ 68. Kh2 Kg4 69. Kh1 Kg3 70. Kg1 Ra1#
0-1

[Variant "Standard"]
[Site "Europe Echecs"]

[Event "Championnat du monde jeunes U12F"]
[Date "2024.11.18"]
[White "Xu, Melissa"]
[Black "Moscovitch, Shelly"]
[WhiteElo "1731"]
[BlackElo "1552"]
[Round "4.28"]
[Result "1-0"]
[TimeControl "5400+30"]

1. e4 e5 2. Nf3 Nc6 3. Bc4 Bc5 4. O-O Nf6 5. d3 d6 6. c3 a5 7. a4 Ba7 8. Nbd2 O-O 9.
h3 Ne7 10. Re1 Ng6 11. Nf1 c6 12. Bb3 h6 13. Ng3 Kh8 14. Qc2 Nh7 15. d4 exd4 16. cxd4 Nh4 17. Nxh4 Qxh4 18. Qc3 f5 19. exf5 Bxf5 20. Nxf5 Rxf5 21. Be3 Ng5 22. Bc2 Rf6 23. Qd3 d5 24. Rad1 Raf8 25. Re2 Bb8 26. Rde1 g6 27. Bxg5 Qxg5 28. g3 h5 29. Qd2 Qxd2 30. Rxd2 Bd6 31. Re3 h4 32. Rb3 hxg3 33. fxg3 Bb4 34. Re2 Kg7 35. Rbe3 Rf3 36. Rxf3 Rxf3 37. Kg2 Rf6 38. Re8 Rf7 39. Re2 Rf6 40. Bd3 Rf8 41. h4 Rf6 42. Re5 Kf7 43. Re2 Kg7 44. Re8 Kf7 45. Rb8 Ke6 46. Rxb7 Bf8 47. Rb6 Kd7 48. Ra6 Bb4 49. Ra7+ Kd6 50. Rg7 c5 51. dxc5+ Kxc5 52. Bxg6 d4 53. h5 Bd2 54. Rb7 Rd6 55. Bd3 Kc6 56. Rb5 Rh6 57. g4 Bb4 58. Kg3 Be1+ 59. Kf4 Bd2+ 60. Kf5 Bb4 61. Be4+ Kc7 62. Rb7+ Kc8 63. Rb5 1-0

[Variant "Standard"]
[Site "Europe Echecs"]

[Event "Championnat du monde jeunes U12F"]
[Date "2024.11.18"]
[White "Xikmatkhonova, Mokhinur"]
[Black "Laurincova, Timea"]
[WhiteElo "1726"]
[BlackElo "1549"]
[Round "4.29"]
[Result "1/2-1/2"]
[TimeControl "5400+30"]

1. e4 c5 2. Nf3 Nc6 3. d4 cxd4 4. Nxd4 g6 5. c4 Nf6 6. Nc3 d6 7. Be2 Nxd4 8. Qxd4 Bg7 9. Be3 O-O 10. Qd2 a5 11. f3 a4 12. O-O Qa5 13. Rac1 Be6 14. Nd5 Qxd2 15. Nxe7+ Kh8 16. Bxd2 Rfe8 17. Nd5 Nxd5 18. cxd5 Bxd5 19. Bb5 Re5 20. Bc3 Bxa2 21. Bxe5 Bxe5 22. Rc2 Bb3 23. Rd2 Ra5 24. Bd3 b5 25. g3 b4 26. Bb1 a3 27. bxa3 bxa3 28. Ba2 Bxa2 29. Rxa2 Bb2 30. Rd1 Ra6 31. Rd2 Rc6 32. Kf2 Kg7 33. Ke2 Kf6 34. f4 Ke6 35. Raxb2 axb2 36. Rxb2 f5 37. exf5+ Kxf5 38. Kd3 Rc7 39. Kd4 Ke6 40. h3 h5 41. Re2+ Kf5 42. Ra2 Rc5 43. Ra3 h4 44. Rf3 hxg3 45. Rxg3 Kf6 46. Rd3 Kf5 47. Rg3 Kf6 48. Rd3 Ra5 49. Ke4 Ke6 50. Kf3 Rh5 51. Kg4 d5 52. Re3+ Kf6 53. Re8 Kf7 54. Rd8 Rf5 55. Rd6 Kg7 56. Rd8 Rh5 57. Rd6 Kf7 58. Ra6 Rh6 59. Rd6 Rh5 60. Ra6 Kg7 61. Ra7+ Kh6 62. Rf7 d4 63. Rd7 Ra5 64. Rxd4 Rb5 65. Rc4 Rb1 66. Rc3 Rg1+ 67. Rg3 Rb1 68. Rg2 Rb5 69. Rc2 Rb1 70. Rc3 Rg1+ 71. Rg3 Rb1 72. Rg2 Rb5 73. h4 Rc5 74. Rg1 Rb5 75. Re1 Rc5 76. Re5 Rc1 77. Re3 Rg1+ 78. Rg3 Rc1 79. Rg2 Rc5 80. Rg1 Rb5 81. Rh1 Rc5 82. Rb1 Ra5 83. Ra1 1/2-1/2

[Variant "Standard"]
[Site "Europe Echecs"]

[Event "Championnat du monde jeunes U12F"]
[Date "2024.11.18"]
[White "Mrad, Anahid"]
[Black "Tsinjoviniavo, Aina Mahasambatra"]
[WhiteElo "1558"]
[BlackElo "1716"]
[Round "4.30"]
[Result "1-0"]
[TimeControl "5400+30"]

1. e4 e5 2. Nf3 Nc6 3. Bc4 Be7 4. Nc3 Nf6 5. d4 exd4 6. Nxd4 Nxe4 7. Nxc6 bxc6 8. Nxe4 d5 9. Qd4 O-O 10. Bd3 dxe4 11. Qxe4 f5 12. Qxc6 Bb4+ 13. Bd2 Bxd2+ 14. Kxd2 Rb8 15. Rad1 Bb7 16. Qe6+ Kh8 17. Kc1 Bxg2 18. Rhg1 Bf3 19. Rd2 Qf6 20. Qxf6 Rxf6 21. Bc4 Rh6 22. Rd7 g6 23. Rg3 Bg4 24. f3 Bh3 25. Rxc7 f4 26. Rg1 Bf5 27. Rh1 Rh3 28. Bd5 Rd8 29. c4 a6 30. Ra7 Bc8 31. Kc2 Rh5 32. Kc3 Re5 33. Ra8 Rde8 34. Bc6 Re3+ 35. Kb4 Bd7 36. Rxe8+ Bxe8 37. Bxe8 Rxe8 38. c5 Rb8+ 39. Kc3 Rb5 40. b4 a5 41. a3 axb4+ 42. axb4 Kg7 43. Kc4 Rb8 44. Rd1 Kf6 45. Rd4 g5 46. b5 h5 47. c6 Ke5 48. c7 Rc8 49. b6 g4 50. fxg4 hxg4 51. Rd7 f3 52. b7 f2 53. bxc8=Q f1=Q+ 54. Kc5 Qf2+ 55.
Kc6 Qf3+ 56. Kb6 Qe3+ 57. Kb7 Qb3+ 58.
Ka8 Qa4+ 59. Kb8 Qb5+ 60. Qb7 1-0

[Variant "Standard"]
[Site "Europe Echecs"]

[Event "Championnat du monde jeunes U12F"]
[Date "2024.11.18"]
[White "Li, Yeeshuen"]
[Black "Messali Anger, Ilyana"]
[WhiteElo "1546"]
[BlackElo "1687"]
[Round "4.31"]
[Result "1-0"]
[TimeControl "5400+30"]

1. e4 e5 2. Nf3 Nc6 3. Bc4 Nf6 4. d4 exd4 5. O-O Nxe4 6. Re1 d5 7. Bxd5 Qxd5 8. Nc3 Qd7 9. Nxe4 Be7 10. Bg5 O-O 11. Bxe7 Qxe7 12. Ng3 Qb4 13. Qc1 Bd7 14. Re4 Rfe8 15. Rh4 h6 16. Nh5 Ne5 17. Nxg7 Re7 18. Qxh6 Ng6 19. Nh5 f5 20. Qxg6+ Kf8 21. Nf6 Re2 22. Rh8+ Ke7 23. Nd5# 1-0

[Variant "Standard"]
[Site "Europe Echecs"]

[Event "Championnat du monde jeunes U12F"]
[Date "2024.11.18"]
[White "Liang, Candice"]
[Black "Sri Darshini T"]
[WhiteElo "1551"]
[BlackElo "1681"]
[Round "4.32"]
[Result "0-1"]
[TimeControl "5400+30"]

1. d4 Nf6 2. c4 e6 3. Nc3 Bb4 4. e3 O-O 5. Nf3 d5 6. Bd2 b6 7. cxd5 exd5 8. Rc1 Bb7 9. Bd3 Nbd7 10. O-O a6 11. a3 Bd6 12. b4 Ne4 13. Qb3 Ndf6 14. Qc2 Re8 15. h3 Qd7 16. Bxe4 dxe4 17. Ne1 a5 18. b5 Bxa3 19. Rb1 Bd6 20. f3 exf3 21. Nxf3 Ne4 22. Nh4 Nxc3 23. Qxc3 Be4 24. Rb2 Qe6 25. Bc1 Bg3 26. Nf3 Qd5 27. Bd2 a4 28. Qa3 Re6 29. Be1 Bd6 30. Bb4 Bg3 31. Be1 Bxe1 32. Nxe1 Rg6 33. Rbf2 f6 34. Rb2 Qh5 35. Kh2 Qg5 36. Nf3 Qg3+ 37. Kh1 Rh6 38. Ng1 Kh8 39. Rf4 f5 40. Rf1 g5 41. Qe7 g4 42. Qe5+ Qxe5 43. dxe5 gxh3 44. Nf3 a3 45. Ra2 Bd5 46. Raa1 Rg8 47. g3 Rxg3 48. Kh2 Rxf3 49. Rxf3 Bxf3 50. Rxa3 Bg2 51. Rc3 c5 52. Rd3 Kg8 53. Rd8+ Kf7 54. Rb8 Re6 55. Kg1 Ke7 56. Rh8 Rxe5 57. Rxh7+ Kd6 58. Kf2 c4 59. Rh4 Kc5 60. Rh5 Rd5 61. Kg3 f4+ 62. Kg4 Rxh5 63. Kxh5 h2 64. exf4 h1=Q+ 65. Kg6 Qh8 66. f5 Kd6 67. f6 Ke6 0-1

[Variant "Standard"]
[Site "Europe Echecs"]